 Dungeon Crawl Stone Soup version 0.17.1-3-g152610e (webtiles) character file.

36101 inmateoo the Arsonist (level 13, -1/73 HPs)
             Began as a Deep Elf Fire Elementalist on Feb 26, 2016.
             Was the Champion of Cheibriados.
             Slain by a polar bear (5 damage)
             ... on level 3 of the Lair of Beasts on Feb 27, 2016.
             The game lasted 00:37:58 (19497 turns).

inmateoo the Arsonist (Deep Elf Fire Elementalist) Turns: 19497, Time: 00:37:58

Health: -1/73      AC: 14    Str: 22    XL:     13   Next: 51%
Magic:  5/29       EV:  2    Int: 39    God:    Cheibriados [******]
Gold:   608        SH:  0    Dex: 32    Spells: 7 memorised, 6 levels left

rFire  + + .     SeeInvis +     o - staff of fire
rCold  . . .     Clarity  .     E - +4 ring mail
rNeg   + + +     SustAt   .     (no shield)
rPois  ∞         Gourm    .     z - +0 helmet
rElec  .         Spirit   .     s - +2 cloak
rCorr  .         Warding  .     (no gloves)
rMut   .         Stasis   .     (no boots)
MR     +....                    (no amulet)
Stlth  ++++......               A - ring of fire
                                t - ring of protection from cold

@: petrified, very slow, somewhat resistant to hostile enchantments, stealthy
A: see invisible, agile 1, MP-powered wands
a: Bend Time, Temporal Distortion, Slouch, Step From Time, Renounce Religion


You were on level 3 of the Lair of Beasts.
You worshipped Cheibriados.
Cheibriados was exalted by your worship.
You were not hungry.

You visited 3 branches of the dungeon, and saw 19 of its levels.
You also visited: Sewer and Ossuary.

You collected 889 gold pieces.
You spent 281 gold pieces at shops.

Inventory:

Hand Weapons
 X - a +1 dagger of electrocution
Armour
 s - a +2 cloak (worn)
 z - a +0 helmet (worn)
 E - a +4 ring mail (worn)
 Y - a +0 buckler
Magical Staves
 o - an uncursed staff of fire (weapon)
Jewellery
 t - a ring of protection from cold (left hand)
 y - an uncursed ring of sustain attributes
 A - a ring of fire (right hand)
 W - an uncursed ring of protection from cold
Wands
 v - a wand of paralysis (12)
 B - a wand of digging (13)
 F - a wand of disintegration (24)
 G - a wand of lightning (7)
 S - a wand of digging (14)
Scrolls
 j - 9 scrolls of remove curse
 k - 2 scrolls of enchant weapon
 l - 2 scrolls of blinking
 p - 2 scrolls of amnesia
 r - 7 scrolls of teleportation
 w - 3 scrolls of fear
 x - 2 scrolls of recharging
 P - 3 scrolls of silence
 T - 3 scrolls of magic mapping
Potions
 e - 2 potions of invisibility
 f - 3 potions of cancellation
 g - a potion of flight
 h - 3 potions of cure mutation
 m - 5 potions of curing
 n - 7 potions of might
 u - 2 potions of agility
 H - 3 potions of brilliance
 L - 2 potions of magic
 M - a potion of resistance
 O - 2 potions of heal wounds
Books
 a - a book of Annihilations

   Spells                             Type                      Level
   a - Poison Arrow                   Conjuration/Poison           6
   b - Chain Lightning                Conjuration/Air              8
   c - Lehudib's Crystal Spear        Conjuration/Earth            8
   d - Glaciate                       Conjuration/Ice              9
   e - Fire Storm                     Conjuration/Fire             9
 b - a book of Flames

   Spells                             Type                      Level
   a - Flame Tongue                   Conjuration/Fire             1
   b - Throw Flame                    Conjuration/Fire             2
   c - Conjure Flame                  Conjuration/Fire             3
   d - Inner Flame                    Hexes/Fire                   3
   e - Sticky Flame                   Conjuration/Fire             4
   f - Fireball                       Conjuration/Fire             5
 q - a book of Frost

   Spells                             Type                      Level
   a - Freeze                         Ice                          1
   b - Throw Frost                    Conjuration/Ice              2
   c - Ozocubu's Armour               Charms/Ice                   3
   d - Throw Icicle                   Conjuration/Ice              4
   e - Summon Ice Beast               Ice/Summoning                4
   f - Condensation Shield            Ice                          4
 C - a book of Callings

   Spells                             Type                      Level
   a - Summon Small Mammal            Summoning                    1
   b - Call Imp                       Summoning                    2
   c - Call Canine Familiar           Summoning                    3
   d - Summon Guardian Golem          Hexes/Summoning              3
   e - Summon Lightning Spire         Summoning/Air                4
   f - Summon Ice Beast               Ice/Summoning                4
 D - a book of Cantrips

   Spells                             Type                      Level
   a - Corona                         Hexes                        1
   b - Animate Skeleton               Necromancy                   1
   c - Summon Small Mammal            Summoning                    1
   d - Apportation                    Translocation                1
 V - a book of the Earth

   Spells                             Type                      Level
   a - Leda's Liquefaction            Hexes/Earth                  4
   b - Bolt of Magma                  Conjuration/Fire/Earth       5
   c - Statue Form                    Transmutation/Earth          6
   d - Iron Shot                      Conjuration/Earth            6
   e - Shatter                        Earth                        9
 Z - a book of Death

   Spells                             Type                      Level
   a - Corpse Rot                     Necromancy                   2
   b - Sublimation of Blood           Necromancy                   2
   c - Agony                          Necromancy                   5
   d - Dispel Undead                  Necromancy                   5
   e - Excruciating Wounds            Charms/Necromancy            5
   f - Bolt of Draining               Conjuration/Necromancy       5
Comestibles
 c - 9 bread rations
 d - 2 beef jerkies
 i - 11 slices of pizza
 I - 6 meat rations
 J - 6 fruits


   Skills:
 - Level 5.5 Fighting
   Level 5.3 Long Blades
 + Level 5.9 Armour
 + Level 9.9 Dodging
 - Level 7.7 Stealth
 * Level 1.7 Unarmed Combat
 + Level 10.8 Spellcasting
 + Level 9.4 Conjurations
 * Level 12.6 Fire Magic
 * Level 5.8 Earth Magic
 + Level 5.9 Invocations


You had 6 spell levels left.
You knew the following spells:

 Your Spells              Type           Power        Failure   Level  Hunger
a - Flame Tongue          Conj/Fire      #####        1%          1    None
b - Throw Flame           Conj/Fire      ######       1%          2    None
c - Conjure Flame         Conj/Fire      ########     1%          3    None
d - Sticky Flame          Conj/Fire      ########     1%          4    None
e - Fireball              Conj/Fire      ########..   1%          5    None
f - Statue Form           Trmt/Erth      #####....    95%         6    ####...
g - Iron Shot             Conj/Erth      ######....   21%         6    ####...


Dungeon Overview and Level Annotations

Branches:
Dungeon (14/15)            Temple (1/1) D:5            Lair (4/8) D:11
    Orc (0/4) D:12
  Swamp: Lair:3-6    Shoals: Lair:3-6     Snake: Lair:3-6    Spider: Lair:3-6
 Vaults: D:13-14

Altars:
Ashenzari
Cheibriados
Dithmenos
Elyvilon
Fedhas
Gozag
Kikubaaqudgha
Makhleb
Nemelex Xobeh
Ru
Sif Muna
Trog
Vehumet
Yredelemnul
Zin
The Shining One

Shops:
D:9 *


Innate Abilities, Weirdness & Mutations

You have supernaturally acute eyesight.
You are agile. (Dex +2)
You expend magic power (3 MP) to strengthen your wands.


Message History

The giant frog hits you.
The basilisk bites you but does no damage.
The polar bear bites you!
* * * LOW HITPOINT WARNING * * *
The polar bear claws you but does no damage. x2
The giant frog hits you.
The black bear bites you but does no damage.
The black bear claws you but does no damage. x2
The five-headed hydra bites you but does no damage.
The five-headed hydra bites you!
* * * LOW HITPOINT WARNING * * *
The five-headed hydra bites you!
* * * LOW HITPOINT WARNING * * *
The five-headed hydra bites you!
* * * LOW HITPOINT WARNING * * *
The five-headed hydra bites you!
* * * LOW HITPOINT WARNING * * *
The basilisk bites you but does no damage.
The polar bear bites you!
You die...

....##..............#....
.....(..............#....
#.........P.#.............
##.#..###.####.P......P..[P
.....###.###.......#.P....)
#.....................PP...
##....................PP...
#........Fh.#.....P..P....
b...#....D@l###........#P..
... ######.hP##...)....##..
.. #...... ......###. .
...####...##..#... #.##
.##P.....# P.# #....... ..#
#...... ... #...... ##.....


You could see a five-headed hydra, a polar bear, a basilisk, a black bear and a
giant frog.

Vanquished Creatures
  7 hydras
  Harold (D:11)
  2 centaur warriors (D:13)
  2 tengu warriors (D:14)
  Urug (Lair:1)
  5 unseen horrors
  2 hill giants
  Pikel (D:7)
  A wolf spider zombie (D:14)
  An oklob plant (D:11)
  A cyclops (D:14)
  A manticore (D:11)
  A griffon (D:13)
  Psyche (D:11)
  4 centaur skeletons
  2 spiny frogs
  2 komodo dragons
  A polar bear (Lair:3)
  A two-headed ogre (D:10)
  A troll (D:13)
  5 slime creatures (D:12)
  A trapdoor spider zombie (D:12)
  A spriggan (D:11)
  A shadow (D:13)
  2 deep elf magi
  22 yaks
  A human (D:7)
  5 vampire mosquitoes
  A basilisk (D:8)
  A mottled dragon (D:12)
  2 hogs (D:7)
  2 wyverns (D:13)
  3 hippogriffs
  2 hungry ghosts (D:11)
  A soldier ant (D:11)
  7 water moccasins
  4 slaves (D:5)
  4 porcupines
  Purgy (Sewer)
  13 ogres
  A phantom (D:13)
  A wasp (shapeshifter) (D:13)
  10 orc warriors
  3 black bears
  A necrophage (D:10)
  4 ice beasts
  2 crocodiles
  2 eyes of draining
  23 centaurs
  An elf zombie (Ossuary)
  2 big kobolds (D:13)
  A wyvern zombie (D:11)
  5 giant frogs
  3 wyvern skeletons
  A water moccasin skeleton (D:6)
  4 scorpions
  6 killer bees (D:12)
  8 wights
  3 centaur zombies
  10 crimson imps
  3 giant frog zombies
  3 hounds
  2 jellies
  A human zombie (Ossuary)
  A quasit (D:6)
  2 gnoll shamans (D:13)
  9 orc wizards
  10 orc priests
  10 iguanas
  14 sheep
  A killer bee zombie (D:9)
  14 worker ants
  2 hound zombies
  2 mummies (Ossuary)
  A hound skeleton (D:5)
  Robin (D:3)
  19 gnolls
  A worker ant zombie (D:10)
  23 river rats
  15 adders
  3 shadow imps
  An ooze (D:3)
  An adder skeleton (D:5)
  3 adder zombies
  3 worms
  The ghost of emiel the Ducker, a weakling SpAK of Lugonu (D:6)
  6 giant geckos
  54 orcs
  5 giant cockroaches
  17 goblins
  11 hobgoblins
  4 jackals
  9 kobolds
  4 quokkas
  2 ball pythons
  7 bats
  A giant gecko skeleton (D:6)
  3 giant newts
  A goblin zombie (Ossuary)
  8 hobgoblin zombies (Ossuary)
  2 jackal skeletons
  A jackal zombie (Ossuary)
  6 kobold zombies (Ossuary)
  13 orc zombies (Ossuary)
  14 rats
  3 rat zombies (Ossuary)
  5 plants
530 creatures vanquished.

Vanquished Creatures (others)
  6 fungi (D:13)
  8 plants
14 creatures vanquished.

Grand Total: 544 creatures vanquished

Notes
Turn   | Place    | Note
--------------------------------------------------------------
     0 | D:1      | inmateoo the Deep Elf Fire Elementalist began the quest for the Orb.
     0 | D:1      | Reached XP level 1. HP: 10/10 MP: 6/6
   230 | D:1      | Found a shattered altar of Ashenzari.
   356 | D:1      | Reached XP level 2. HP: 15/15 MP: 5/8
   360 | D:1      | Learned a level 2 spell: Throw Flame
   933 | D:2      | Reached XP level 3. HP: 17/19 MP: 4/9
   974 | D:2      | Found a bloodstained altar of Trog.
  1288 | D:2      | Reached skill level 4 in Fire Magic
  1383 | D:2      | Learned a level 3 spell: Conjure Flame
  1513 | D:2      | Reached XP level 4. HP: 24/24 MP: 4/11
  1642 | D:2      | Found a snail-covered altar of Cheibriados.
  1798 | D:2      | Found a sacrificial altar of Ru.
  1962 | D:3      | Reached XP level 5. HP: 28/28 MP: 3/12
  2517 | D:3      | Reached skill level 5 in Fire Magic
  2625 | D:3      | Noticed Robin
  2645 | D:3      | Killed Robin
  2799 | D:3      | Reached XP level 6. HP: 27/32 MP: 6/14
  3993 | D:5      | Entered Level 5 of the Dungeon
  4166 | D:5      | Reached XP level 7. HP: 27/36 MP: 11/15
  4224 | D:5      | Found a burning altar of Makhleb.
  4350 | D:5      | Noticed a hill giant
  4360 | D:5      | Killed a hill giant
  4360 | D:5      | Reached skill level 5 in Dodging
  4360 | D:5      | Reached skill level 5 in Stealth
  4360 | D:5      | Reached skill level 5 in Spellcasting
  4360 | D:5      | Reached skill level 6 in Fire Magic
  4360 | D:5      | Reached XP level 8. HP: 41/41 MP: 8/18
  4423 | D:5      | Noticed Pikel
  4654 | D:5      | Learned a level 5 spell: Fireball
  4659 | D:5      | Learned a level 4 spell: Sticky Flame
  4671 | D:5      | Found a staircase to the Ecumenical Temple.
  4717 | Temple   | Entered the Ecumenical Temple
  4816 | Temple   | Became a worshipper of Cheibriados the Contemplative
  4891 | D:5      | Reached skill level 7 in Fire Magic
  5284 | D:6      | Noticed emiel's ghost (weakling SpAK)
  5285 | D:6      | Killed emiel's ghost
  5484 | D:6      | Reached skill level 1 in Armour
  5658 | D:6      | Reached skill level 1 in Fighting
  5661 | D:6      | Found a glowing drain.
  5674 | Sewer    | Entered a sewer
  5687 | Sewer    | Reached * piety under Cheibriados
  5724 | Sewer    | Noticed Purgy
  5729 | Sewer    | Killed Purgy
  5851 | D:6      | Reached skill level 5 in Conjurations
  6008 | D:6      | Found a shadowy altar of Dithmenos.
  6346 | D:7      | Reached XP level 9. HP: 39/47 MP: 12/20
  6428 | D:7      | Found a sand-covered staircase.
  6456 | Ossuary  | Entered an ossuary
  6690 | Ossuary  | Reached ** piety under Cheibriados
  7128 | Ossuary  | Reached skill level 8 in Fire Magic
  7372 | D:7      | Found an ancient bone altar of Kikubaaqudgha.
  7571 | D:7      | Paralysed by Pikel for 6 turns
  7579 | D:7      | Killed Pikel
  7650 | D:7      | Found an opulent altar of Gozag.
  7758 | D:7      | Reached *** piety under Cheibriados
  7815 | D:7      | Reached skill level 1 in Long Blades
  8109 | D:7      | Reached skill level 9 in Fire Magic
  8286 | D:8      | Found a white marble altar of Elyvilon.
  8588 | D:8      | Found a glowing silver altar of Zin.
  8651 | D:8      | Reached XP level 10. HP: 27/54 MP: 9/22
  8962 | D:9      | Reached **** piety under Cheibriados
  9070 | D:9      | Found Othatuot's Assorted Antiques.
  9089 | D:9      | Bought an amethyst potion for 26 gold pieces
  9089 | D:9      | Bought a yellow potion for 26 gold pieces
  9089 | D:9      | Bought a scroll of teleportation for 87 gold pieces
  9089 | D:9      | Bought a scroll of teleportation for 87 gold pieces
  9089 | D:9      | Bought a scroll labeled NEGRAMYRA for 29 gold pieces
  9089 | D:9      | Bought a bubbling grey potion for 26 gold pieces
  9735 | D:10     | Entered Level 10 of the Dungeon
  9770 | D:10     | Reached skill level 1 in Invocations
  9916 | D:10     | Noticed an unseen horror
  9920 | D:10     | Killed an unseen horror
  9985 | D:10     | Reached skill level 10 in Fire Magic
 10219 | D:10     | Reached ***** piety under Cheibriados
 10526 | D:10     | Reached XP level 11. HP: 49/60 MP: 2/25
 11266 | D:11     | Found a staircase to the Lair.
 11422 | D:11     | Noticed Psyche
 11435 | D:11     | Killed Psyche
 11664 | D:11     | Noticed Sonja
 11668 | D:11     | Noticed Sonja
 11668 | D:11     | Sonja changed into Sonja the spriggan
 11675 | D:11     | Killed Sonja the spriggan
 11758 | D:11     | Noticed Harold
 11766 | D:11     | Killed Harold
 11945 | D:11     | Noticed an eight-headed hydra
 11955 | D:11     | Killed a ten-headed hydra
 12840 | D:12     | Reached skill level 11 in Fire Magic
 13279 | D:12     | Found a staircase to the Orcish Mines.
 13328 | D:12     | Noticed an unseen horror
 13332 | D:12     | Killed an unseen horror
 13690 | D:12     | Noticed a hill giant
 13704 | D:12     | Killed a hill giant
 13704 | D:12     | Reached XP level 12. HP: 67/67 MP: 15/27
 13757 | D:12     | Noticed an unseen horror
 13761 | D:12     | Killed an unseen horror
 13761 | D:12     | Reached skill level 5 in Armour
 14456 | D:13     | Learned a level 6 spell: Statue Form
 14463 | D:13     | Learned a level 6 spell: Iron Shot
 14573 | D:13     | Noticed an eight-headed hydra
 14581 | D:13     | Killed an eight-headed hydra
 14581 | D:13     | Reached skill level 1 in Earth Magic
 14795 | D:13     | Reached ****** piety under Cheibriados
 15422 | D:13     | Noticed a centaur warrior
 15430 | D:13     | Killed a centaur warrior
 15548 | D:13     | Reached skill level 5 in Invocations
 15550 | D:13     | Reached skill level 5 in Long Blades
 15550 | D:13     | Reached skill level 10 in Spellcasting
 15674 | D:13     | Reached skill level 5 in Fighting
 15711 | D:13     | Gained mutation: You have supernaturally acute eyesight. [mutagenic meat]
 15712 | D:13     | Gained mutation: You expend magic power (3 MP) to strengthen your wands. [mutagenic meat]
 15713 | D:13     | Gained mutation: You are agile. (Dex +2) [mutagenic meat]
 15786 | D:13     | Noticed a centaur warrior
 15790 | D:13     | Killed a centaur warrior
 15799 | D:13     | Reached skill level 12 in Fire Magic
 16049 | D:13     | Noticed a six-headed hydra
 16052 | D:13     | Killed a six-headed hydra
 16645 | D:14     | Reached XP level 13. HP: 72/72 MP: 23/29
 17086 | Lair:1   | Entered Level 1 of the Lair of Beasts
 17239 | Lair:1   | Noticed Urug
 17254 | Lair:1   | Killed Urug
 17254 | Lair:1   | Reached skill level 5 in Earth Magic
 18811 | Lair:2   | Reached skill level 1 in Unarmed Combat
 19200 | Lair:2   | You fall through a shaft for 2 floors!
 19497 | Lair:3   | Slain by a polar bear

Action                   |  1- 3 |  4- 6 |  7- 9 | 10-12 | 13-15 || total
-------------------------+-------+-------+-------+-------+-------++-------
Melee: Unarmed           |     2 |     2 |     1 |       |       ||     5
       Falchion          |       |       |    84 |   274 |       ||   358
       Morningstar       |       |       |     1 |       |       ||     1
       Staff             |       |       |       |       |    36 ||    36
       Dagger            |       |       |       |       |    30 ||    30
 Cast: Flame Tongue      |    54 |   160 |   319 |   483 |   108 ||  1124
       Throw Flame       |     4 |     6 |       |    12 |     1 ||    23
       Conjure Flame     |     1 |     6 |     5 |    16 |     1 ||    29
       Sticky Flame      |       |       |    11 |    61 |    15 ||    87
       Fireball          |       |       |       |    19 |    33 ||    52
       Iron Shot         |       |       |       |       |     1 ||     1
Invok: Slouch            |       |       |       |     5 |       ||     5
Evoke: Wand              |       |       |       |     4 |       ||     4
  Use: Scroll            |       |       |    17 |     8 |     7 ||    32
       Potion            |       |       |     1 |     5 |       ||     6
 Stab: Distracted        |       |     1 |       |     1 |       ||     2
       Sleeping          |       |       |     4 |     6 |     1 ||    11
  Eat: Chunk             |     1 |     9 |     7 |    15 |       ||    32
       Royal jelly       |       |       |     1 |     2 |       ||     3
       Pizza             |       |       |     1 |       |     1 ||     2
       Beef jerky        |       |       |       |       |     2 ||     2
